 Dungeon Crawl Stone Soup version 0.18-b1-17-g3aa4875 (webtiles) character file.

7683 EvilYahweh the Basher (level 11, -1/79 HPs)
             Began as a Human Artificer on May 1, 2016.
             Was an Elder of Pakellas.
             Slain by a black bear (6 damage)
             ... on level 10 of the Dungeon.
             The game lasted 01:04:49 (15005 turns).

EvilYahweh the Basher (Human Artificer)            Turns: 15005, Time: 01:04:50

Health: -1/79      AC: 23    Str: 11    XL:     11   Next: 41%
Magic:  5/18       EV:  3    Int: 13    God:    Pakellas [****..]
Gold:   598        SH:  0    Dex: 22    Spells: 0 memorised, 10 levels left

rFire  . . .     SeeInvis .     R - +2 mace (protect)
rCold  . . .     Gourm    .     N - +0 plate armour
rNeg   . . .     Faith    .     (no shield)
rPois  .         Spirit   .     m - +1 helmet
rElec  .         Dismiss  .     S - +0 cloak
rCorr  .         Reflect  .     (no gloves)
SustAt .         Harm     .     p - +1 pair of boots
MR     .....                    (no amulet)
Stlth  ..........               O - ring of stealth
                                i - +3 ring of dexterity

@: about to teleport, not resistant to hostile enchantments, extremely
unstealthy
A: thin skeletal structure 1, wild magic 1
a: Quick Charge, Device Surge, Renounce Religion


You were on level 10 of the Dungeon.
You worshipped Pakellas.
Pakellas was greatly pleased with you.
You were not hungry.

You visited 2 branches of the dungeon, and saw 12 of its levels.
You also visited: Sewer.

You collected 598 gold pieces.

Inventory:

Hand Weapons
 l - a +0 mace
 u - a +0 flail
 L - a +0 flail of holy wrath
 R - a +2 mace of protection (weapon)
Armour
 m - a +1 helmet (worn)
 p - a +1 pair of boots (worn)
 N - a +0 plate armour (worn)
 S - a +0 cloak (worn)
Jewellery
 i - a +3 ring of dexterity (left hand)
 O - a ring of stealth (right hand)
Wands
 c - a wand of flame (5/48)
 d - a wand of enslavement (0/24)
 e - a wand of random effects (5/48)
 h - a wand of random effects (16/48)
 x - a wand of confusion (8/48)
 C - a wand of paralysis (7/24)
 D - a wand of random effects (18/48)
 G - a wand of slowing (17/48)
 M - a wand of confusion (21/48)
 P - a wand of random effects (30/48)
 T - a wand of paralysis (3/24)
 V - a wand of paralysis (13/24)
 X - a wand of acid (3/15)
Scrolls
 b - 11 scrolls of remove curse
 j - 2 scrolls of fear
 k - a scroll of brand weapon {unknown}
 r - 2 scrolls of amnesia {unknown}
 t - a scroll of immolation {unknown}
 y - a scroll of blinking {unknown}
 A - a scroll of fog
 E - a scroll of silence {unknown}
 H - 3 scrolls of recharging {unknown}
 J - 2 scrolls of holy word {unknown}
 K - a scroll of magic mapping
Potions
 a - a potion of cancellation
 g - 2 potions of invisibility
 q - 3 potions of flight
 s - 4 potions of brilliance
 v - a potion of berserk rage
 w - 2 potions of cure mutation
 U - a potion of haste {unknown}
 W - a potion of degeneration {unknown}
Books
 I - Vehumet's Compendium of Conjuration
   (You found it on level 5 of the Dungeon)

   Spells                             Type                      Level
   a - Magic Dart                     Conjuration                  1
Miscellaneous
 z - a box of beasts {used: 2}
 Q - a disc of storms
Comestibles
 f - 8 bread rations
 n - 7 meat rations
 o - 3 chunks of flesh
 B - 3 fruits


   Skills:
 - Level 5.0 Fighting
   Level 1.0 Short Blades
 - Level 11.5 Maces & Flails
 * Level 5.5 Armour
 - Level 2.0 Dodging
 - Level 1.0 Stealth
 + Level 10.2 Evocations


You had 10 spell levels left.
You didn't know any spells.

Dungeon Overview and Level Annotations

Branches:
Dungeon (11/15)            Temple (1/1) D:5
   Lair: D:8-11         Orc: D:9-12

Altars:
Ashenzari
Cheibriados
Dithmenos
Elyvilon
Fedhas
Gozag
Kikubaaqudgha
Makhleb
Nemelex Xobeh
Okawaru
Pakellas
Qazlal
Ru
Sif Muna
Trog
Vehumet
Xom
Yredelemnul
Zin
The Shining One

Annotations:
D:10 chicagocrazy's ghost, novice CeEn


Innate Abilities, Weirdness & Mutations

You have a somewhat thin skeletal structure (Dex +2, Stealth).
Your spells are a little harder to cast, but a little more powerful.


Message History

2 killer bees come into view.
The killer bee buzzes angrily.
You thump the black bear!
The black bear is moderately wounded.
The black bear bites you but does no damage.
The black bear claws you but does no damage. x2
A killer bee comes into view.
You sock the black bear!
The black bear is severely wounded.
The orc warrior hits you from afar with a halberd!
* * * LOW HITPOINT WARNING * * *
A hound comes into view.
Evoke which item? (* to show all) (? for menu, Esc to quit)
Zapping:
C - a wand of paralysis (8/24)
Press: ? - help, Shift-Dir - straight line, f - orc warrior
Aim: an orc warrior, wielding a halberd and wearing a chain mail (chance to defeat MR: 67%)
The orc warrior suddenly stops moving!
This wand has 7 charges left.
The black bear bites you.
You die...
Pakellas says: Time to start the next experiment...

#.. ##. ###+##### #######
#. #........ #.....# ####
#........ #.....# #...
#........ #.....# #...
#.......? #.>...#### #...
#<..........######o....'...
#...
............')o)@hCy...###.
#...
#...........######yy...#
..... ###+##### #.....#
##... #..h..# ###. ####y##
.. .# #+# ##


You could see a hill giant, 2 orc warriors, a black bear, a hound and 4 killer
bees.

Vanquished Creatures
  Erolcha (D:9)
  2 hill giants
  A manticore (D:11)
  Psyche (D:9)
  A two-headed ogre (D:10)
  Sigmund (D:4)
  A spriggan (D:8)
  5 yaks (D:10)
  An orc warrior (D:9)
  3 ice beasts
  A sky beast (D:10)
  An eye of draining (D:10)
  A necrophage (D:8)
  A killer bee (D:6)
  2 ogres
  2 black bears
  4 centaurs
  The ghost of schep the Skirmisher, an amateur DsFi (D:3)
  3 big kobolds
  4 giant frogs
  6 scorpions
  A wight (D:7)
  A howler monkey (D:10)
  4 crimson imps
  4 hounds
  5 jellies
  A centaur skeleton (D:6)
  5 orc priests
  A giant frog skeleton (D:4)
  Ijyb (D:2)
  Jessica (D:2)
  2 iguanas
  5 orc wizards
  Natasha (thrice) (D:2)
  4 worker ants
  A hound zombie (D:8)
  A hound skeleton (D:4)
  A worker ant zombie (D:5)
  A howler monkey zombie (D:9)
  Robin (D:1)
  A howler monkey skeleton (D:8)
  8 adders
  2 shadow imps
  17 oozes
  An adder zombie (D:9)
  3 adder skeletons
  4 worms
  4 dart slugs
  4 giant geckos
  36 orcs
  16 bats
  12 giant cockroaches
  15 goblins
  8 hobgoblins
  13 jackals
  3 quokkas
  2 ball pythons
  3 giant newts
  22 kobolds
  12 rats
272 creatures vanquished.

Vanquished Creatures (collateral kills)
  An oklob plant (D:9)
  A phantom (D:6)
  A wight (D:7)
  A jelly (D:9)
  2 orc priests (D:9)
  An orc (D:9)
7 creatures vanquished.

Vanquished Creatures (others)
  A hill giant (D:10)
  A water moccasin (D:6)
  A sky beast (D:11)
  2 wights (D:7)
  A giant gecko (D:1)
  A goblin (D:1)
  A jackal (D:9)
  A ball python (D:6)
  5 fungi (D:9)
14 creatures vanquished.

Grand Total: 293 creatures vanquished

Notes
Turn   | Place    | Note
--------------------------------------------------------------
     0 | D:1      | EvilYahweh the Human Artificer began the quest for the Orb.
     0 | D:1      | Reached XP level 1. HP: 15/15 MP: 3/3
   346 | D:1      | Reached XP level 2. HP: 21/21 MP: 4/4
   367 | D:1      | Reached skill level 1 in Maces & Flails
   987 | D:1      | Reached XP level 3. HP: 19/26 MP: 5/5
  1151 | D:1      | Reached skill level 2 in Maces & Flails
  1295 | D:2      | Noticed Natasha
  1416 | D:2      | Killed Natasha
  1416 | D:2      | Reached XP level 4. HP: 14/32 MP: 6/6
  1604 | D:2      | Noticed Robin
  1641 | D:1      | Killed Robin
  1824 | D:2      | Reached skill level 3 in Maces & Flails
  1950 | D:2      | Noticed Natasha
  1954 | D:2      | Killed Natasha
  1954 | D:2      | Reached XP level 5. HP: 9/37 MP: 7/7
  2061 | D:2      | Noticed Natasha
  2191 | D:2      | Killed Natasha
  2516 | D:2      | Noticed Jessica
  2535 | D:2      | Killed Jessica
  2535 | D:2      | Reached skill level 4 in Maces & Flails
  2601 | D:2      | Reached XP level 6. HP: 35/43 MP: 9/9
  2999 | D:2      | Noticed Ijyb
  3019 | D:2      | Killed Ijyb
  3188 | D:3      | Noticed schep's ghost (amateur DsFi)
  3298 | D:3      | Found a shattered altar of Ashenzari.
  3672 | D:4      | Found a sparkling altar of Nemelex Xobeh.
  3765 | D:4      | Found a glowing drain.
  3769 | Sewer    | Entered a sewer
  3804 | Sewer    | Noticed Frisk's ghost (amateur MiBe)
  4019 | D:4      | Reached skill level 5 in Maces & Flails
  4139 | D:4      | Found an iron altar of Okawaru.
  4151 | D:4      | Found a snail-covered altar of Cheibriados.
  4197 | D:4      | Noticed Sigmund
  4217 | D:4      | Killed Sigmund
  4217 | D:4      | Reached skill level 5 in Evocations
  4217 | D:4      | Reached XP level 7. HP: 22/48 MP: 10/10
  5043 | D:4      | Gained mutation: Your spells are a little harder to cast, but a little more powerful. [potion of beneficial mutation]
  5311 | D:4      | Reached XP level 8. HP: 27/54 MP: 12/12
  5846 | D:4      | Found an oddly glowing altar of Pakellas.
  5852 | D:4      | Became a worshipper of Pakellas the Inventive
  6071 | D:3      | Killed schep's ghost
  6246 | D:3      | Reached skill level 5 in Armour
  6655 | D:5      | Entered Level 5 of the Dungeon
  6745 | D:5      | Found a glowing golden altar of the Shining One.
  7120 | D:5      | Found a staircase to the Ecumenical Temple.
  7126 | Temple   | Entered the Ecumenical Temple
  7573 | D:5      | Noticed an angel
  7575 | D:5      | Found a glowing silver altar of Zin.
  7623 | D:5      | Found a shimmering altar of Xom.
  7671 | D:5      | Reached * piety under Pakellas
  7671 | D:5      | Received a gift from Pakellas
  7947 | D:5      | Reached skill level 6 in Maces & Flails
  8027 | D:5      | Found a deep blue altar of Sif Muna.
  8027 | D:5      | Found an ancient bone altar of Kikubaaqudgha.
  8028 | D:5      | Found a radiant altar of Vehumet.
  8187 | D:5      | Identified Vehumet's Compendium of Conjuration
  8413 | D:6      | Reached XP level 9. HP: 53/59 MP: 5/14
  8979 | D:6      | Found a sacrificial altar of Ru.
  9032 | D:6      | Reached skill level 7 in Maces & Flails
  9426 | D:6      | Reached ** piety under Pakellas
  9426 | D:6      | Received a gift from Pakellas
  9767 | D:7      | Noticed a troll
  9895 | D:7      | Found a shattered altar of Ashenzari.
  9921 | D:7      | Reached skill level 8 in Maces & Flails
 10990 | D:8      | Reached *** piety under Pakellas
 10990 | D:8      | Received a gift from Pakellas
 11017 | D:8      | Reached skill level 9 in Maces & Flails
 11193 | D:8      | Reached XP level 10. HP: 58/64 MP: 12/16
 12433 | D:9      | Found a shadowy altar of Dithmenos.
 12509 | D:9      | Noticed an oklob plant
 12909 | D:9      | Found a bloodstained altar of Trog.
 12980 | D:9      | Found a shadowy altar of Dithmenos.
 13008 | D:9      | Reached skill level 10 in Maces & Flails
 13049 | D:9      | Noticed Erolcha
 13064 | D:9      | Killed Erolcha
 13451 | D:9      | Noticed Psyche
 13460 | D:9      | Killed Psyche
 13460 | D:9      | Reached **** piety under Pakellas
 13460 | D:9      | Received a gift from Pakellas
 13586 | D:9      | Killed an oklob plant
 13650 | D:10     | Entered Level 10 of the Dungeon
 13661 | D:10     | Reached skill level 11 in Maces & Flails
 13796 | D:9      | Noticed a hill giant
 13824 | D:9      | Killed a hill giant
 13824 | D:9      | Reached XP level 11. HP: 24/70 MP: 7/18
 14113 | D:10     | Noticed a hill giant
 14132 | D:10     | Killed a hill giant
 14374 | D:10     | Reached skill level 10 in Evocations
 14703 | D:10     | Noticed chicagocrazy's ghost (novice CeEn)
 14725 | D:11     | Noticed a manticore
 14749 | D:11     | Gained mutation: You have a somewhat thin skeletal structure (Dex +2, Stealth). [potion of beneficial mutation]
 14750 | D:11     | Killed a manticore
 14750 | D:11     | Reached skill level 5 in Fighting
 14981 | D:11     | Noticed a hill giant
 14989 | D:10     | Noticed a hill giant
 15005 | D:10     | Slain by a black bear

Skill      XL: |  1  2  3  4  5  6  7  8  9 10 11 |
---------------+----------------------------------+-----
Maces & Flails | 1 2 3 4 5 6 9 11 | 11.5
Evocations     | 4 5 6 8 9 10 | 10.2
Armour         | 2 3 5 |  5.5
Fighting       | 5 |  5.0
Short Blades   | |  1.0
Dodging        | |  2.0
Stealth        | |  1.0

Action                   |  1- 3 |  4- 6 |  7- 9 | 10-12 || total
-------------------------+-------+-------+-------+-------++-------
Melee: Short sword       |     6 |       |       |       ||     6
       Whip              |   106 |    22 |       |       ||   128
       Mace              |       |   235 |       |   331 ||   566
       Flail             |       |    49 |   736 |    83 ||   868
Invok: Quick Charge      |       |       |     2 |     4 ||     6
Evoke: Wand              |     7 |     5 |    32 |    75 ||   119
       Box of beasts     |       |       |       |     2 ||     2
  Use: Scroll            |       |    10 |     9 |     1 ||    20
       Potion            |       |       |     2 |     5 ||     7
 Stab: Confused          |       |       |     7 |     2 ||     9
       Paralysed         |       |       |       |     6 ||     6
  Eat: Chunk             |     2 |     9 |    24 |    12 ||    47
       Fruit             |       |       |       |     1 ||     1
Armor: Leather armour    |    12 |       |       |       ||    12
       Scale mail        |    17 |   130 |   344 |       ||   491
       Plate armour      |       |       |       |   302 ||   302
Dodge: Dodged            |    63 |   157 |   325 |    50 ||   595
